 Dungeon Crawl Stone Soup version 0.29.0-13-gc9e81de378 (webtiles) character file.

Game seed: 9979847108724252137

61260 iguanaiguana the Evangelist (level 15, -9/128 (132) HPs)
             Began as a Hill Orc Artificer on Sept 8, 2022.
             Was an Elder of Beogh.
             Killed from afar by an orc sorcerer (16 damage)
             ... with a bolt of negative energy
             ... on level 2 of the Orcish Mines.
             The game lasted 01:18:21 (35458 turns).

iguanaiguana the Evangelist (Hill Orc Artificer)   Turns: 35458, Time: 01:18:22

HP:   -9/128 (132)  AC: 18    Str: 23    XL:     15   Next: 2%
MP:   18/25         EV:  8    Int: 21    God:    Beogh [****..]
Gold: 965           SH: 12    Dex:  7    Spells: 14/14 levels left

rFire   . . .      SeeInvis +   m - +5 demon trident (venom)
rCold   . . .      Faith    .   X - +2 buckler
rNeg    . . .      Spirit   .   d - +2 chain mail {rPois}
rPois   +          Reflect  +   Z - +2 helmet
rElec   .          Harm     .   N - +0 cloak of Kuampul {Int+6}
rCorr   .          Rampage  .   (no gloves)
Will    ++...                   H - +0 pair of boots
Stlth   ..........              b - amulet of reflection
HPRegen 0.31/turn               Q - ring of willpower
MPRegen 0.19/turn               p - ring of Cowardice {rPois Int+4 Dex-4 SInv}

@: lightly drained
A: no striking features
a: Renounce Religion, Smiting, Recall Orcish Followers


You were on level 2 of the Orcish Mines.
You worshipped Beogh.
Beogh was greatly pleased with you.
You visited 4 branches of the dungeon, and saw 22 of its levels.

You collected 1783 gold pieces.
You spent 818 gold pieces at shops.

Inventory:

Hand Weapons
 a - a +1 spear of venom
 m - a +5 demon trident of venom (weapon)
 F - a +0 trident
 M - a +0 trident
 U - a +0 trident
Missiles
 f - 2 curare-tipped darts
 E - 20 poisoned darts (quivered)
 G - 10 boomerangs
 I - 12 silver boomerangs
 S - a throwing net
 V - 3 boomerangs of dispersal
 Y - 3 javelins
Armour
 d - a +2 chain mail of poison resistance (worn)
 A - a +0 tower shield
 H - a +0 pair of boots (worn)
 L - a +0 cloak
 N - the +0 cloak of Kuampul (worn) {Int+6}
   (You found it on level 8 of the Dungeon)

   Int:       It affects your intelligence (+6).
 X - a +2 buckler (worn)
 Z - a +2 helmet (worn)
Jewellery
 b - an amulet of reflection (around neck)
 l - the ring of Riesery {*Corrode rElec Str+6 Dex+2}
   (You found it on level 3 of the Dungeon)

   [ring of strength]

   Str:       It affects your strength (+6).
   Dex:       It affects your dexterity (+2).
   rElec:     It insulates you from electricity.
   *Corrode:  It may corrode you when you take damage.
 p - the ring of Cowardice (right hand) {rPois Int+4 Dex-4 SInv}
   (You bought it in a shop on level 3 of the Dungeon)

   [ring of see invisible]

   Int:       It affects your intelligence (+4).
   Dex:       It affects your dexterity (-4).
   rPois:     It protects you from poison.
   SInv:      It lets you see invisible.
 C - a +6 ring of intelligence
 K - a ring of ice
 Q - a ring of willpower (left hand)
Wands
 c - a wand of flame (10)
 e - a wand of iceblast (3) {@v2}
 h - a wand of polymorph (13)
 R - a wand of mindburst (8)
 T - a wand of paralysis (20)
Scrolls
 g - 2 scrolls of immolation
 k - a scroll of fog
 q - 3 scrolls of vulnerability
 s - 3 scrolls of blinking {@r4}
 t - 8 scrolls of teleportation {@r3}
 u - 2 scrolls of noise
 v - 2 scrolls of magic mapping {@r5}
 B - 3 scrolls of silence
 D - a scroll of amnesia
 J - a scroll of enchant armour
Potions
 i - 8 potions of curing {@q1}
 j - 2 potions of attraction
 n - 3 potions of brilliance
 o - 3 potions of might {@q3}
 r - a potion of magic
 x - 4 potions of ambrosia
 y - 2 potions of haste {unknown}
 z - 2 potions of resistance {@q5}
 O - 2 potions of degeneration
 P - 3 potions of mutation
 W - 2 potions of cancellation
Miscellaneous
 w - a tin of tremorstones (1/2)


   Skills:
 - Level 12.0 Fighting
 - Level 11.7(12.0) Maces & Flails
 - Level 12.0(12.2) Polearms
 - Level 2.6(9.4) Staves
 - Level 6.0 Throwing
 - Level 6.1 Armour
 - Level 4.0 Dodging
 - Level 2.1 Stealth
 + Level 9.6 Shields
 - Level 14.0 Invocations
 - Level 8.1 Evocations


You had 14 spell levels left.
You didn't know any spells.
Your spell library contained the following spells:

 Spells                   Type           Power      Damage    Failure   Level
 Foxfire                  Conj/Fire      0%         2x1d4     83%         1
 Scorch                   Fire           0%         2d5       92%         2
 Conjure Flame            Conj/Fire      0%         6-21      99%         3
 Dazzling Flash           Conj/Hex       0%         N/A       99%         3
 Ignite Poison            Fire/Tmut/Pois 0%         N/A       99%         3
 Inner Flame              Hex/Fire       0%         N/A       99%         3
 Flame Wave               Conj/Fire      0%         2d4       100%        4
 Iskenderun's Mystic Bla  Conj/Tloc      0%         2d3       100%        4
 Sticky Flame             Conj/Fire      0%         2d3       100%        4
 Starburst                Conj/Fire      0%         6d3       100%        6
 Summon Cactus Giant      Summ           0%         N/A       100%        6
 Borgnjor's Revivificati  Necr           0%         N/A       100%        8
 Necromutation            Tmut/Necr      0%         N/A       100%        8
 Death's Door             Necr           0%         N/A       100%        9


Dungeon Overview and Level Annotations

Branches:
Dungeon (14/15) Zot: 25864  Temple (1/1) D:5 Zot: 5829    Lair (5/5) D:8 Zot: 15612
  Swamp (0/4) Lair:2       Spider (0/4) Lair:2        Slime (0/5) Lair:4
    Orc (2/2) D:12 Zot: 10801     Elf (0/3) Orc:2        Vaults (0/5) D:13

Altars:
Ashenzari
Cheibriados
Dithmenos
Elyvilon
Fedhas
Gozag
Hepliaklqana
Kikubaaqudgha
Makhleb
Nemelex Xobeh
Okawaru
Qazlal
Ru
Sif Muna
Trog
Uskayaw
Vehumet
Wu Jian
Xom
Yredelemnul
Zin
The Shining One
Jiyva

Shops:
D:3 =   D:4 (   D:7 [   D:10 ?   D:14 *=*?

Annotations:
D:4 Dowan, Duvessa
D:13 exclusion: 2 downstairs
Lair:1 exclusion: downstairs
Lair:4 exclusion: downstairs
Lair:5 1 runed translucent door


Message History

You hit the orc high priest but do no damage.
The orc high priest looks as sick as possible!
The orc high priest is severely wounded.
The orc sorcerer mumbles some strange words.
The orc high priest hits your orc warrior with a +0 hand axe!
Your orc warrior closely misses the orc high priest.
You puncture the orc high priest!
The orc high priest looks as sick as possible!
The orc high priest is almost dead.
You kill the orc high priest!
Beogh appreciates your killing of a heretic priest.
The chaos spawn degenerates into a cloud of primal chaos!
The ice devil disappears in a puff of smoke!
Your orc warrior looks more experienced.
The orc sorcerer casts a spell at you. You resist with almost no effort.
Really walk into that cloud of seething chaos? [Y]es or [N]o only, please.
Really walk into that cloud of seething chaos? [Y]es or [N]o only, please.
Really walk into that cloud of seething chaos?
Okay, then.
Unknown command.
The orc sorcerer points at you and mumbles some strange words.
You resist with almost no effort.
The orc sorcerer mumbles some strange words.
Your orc warrior closely misses the orc sorcerer.
The sun demon attacks as you move away! The sun demon hits you!!
* * * LOW HITPOINT WARNING * * *
You are engulfed in flames!
* * * LOW HITPOINT WARNING * * *
Your orc warrior hits the orc sorcerer with a +0 club.
Your orc warrior is smitten. a +0 battleaxe; a +0 plate armour The orc sorcerer points at you and mumbles some strange words.
The bolt of negative energy hits the sun demon.
The sun demon completely resists.
The bolt of negative energy hits you!
You feel drained.
You die...
Beogh appreciates the orc sorcerer's killing of a heretic priest.

#.....)...# #.......o.#
#############..o..###
#.#...........)..4..# #
...#.#..........o.###.##
...##........)))o..#...#
............#.))...#...#
##.............)3.....#
###.........)))@..#.##
####).......)..).....#
##.#.#.....).)..)....###
#............).)....##.##
##...........)........$.#
#....).......#..#......#
##....).............#.##
#..))..##.#.......####
##.....###.........#


You could see a sun demon (summoned), an ice devil (summoned), 2 orc sorcerers,
an orc warrior and a friendly orc warrior.

Vanquished Creatures
  Gastronok (D:12)
  An orc warlord (Orc:2)
  Snorg (D:14)
  Fannar (Orc:1)
  5 hydras
  A catoblepas (Lair:5)
  A rakshasa (D:13)
  3 two-headed ogres
  6 death yaks (Lair:3)
  An orc high priest (Orc:2)
  Amaemon (Lair:2)
  A bog body (Lair:2)
  8 ugly things
  An orc knight (Orc:2)
  An orc sorcerer (Orc:2)
  A manticore (D:11)
  2 black mambas (Lair:4)
  10 elephants
  Joseph (D:10)
  An orange demon (Lair:2)
  Maurice (Orc:1)
  A gargoyle (D:8)
  A torpor snail (Lair:5)
  13 cane toads
  An unseen horror (D:11)
  11 komodo dragons
  An efreet (D:14)
  3 rime drakes
  2 trolls
  A polar bear (Lair:3)
  3 hornets
  A queen bee (Lair:1)
  9 blink frogs
  2 water elementals
  2 shadows
  2 wraiths (D:9)
  A basilisk (Lair:3)
  55 yaks
  6 wyverns
  2 humans
  A redback (Lair:2)
  2 steam dragons (D:8)
  4 wargs
  2 vampire mosquitoes (D:13)
  2 acid dragons
  10 water moccasins
  4 black bears
  2 ice beasts
  2 swamp drakes (Lair:5)
  4 orc warriors
  4 ogres
  25 wolves
  3 centaurs
  A phantom (D:5)
  4 kobold brigands
  13 bullfrogs
  3 scorpions
  A scorpion (shapeshifter) (D:14)
  3 wights (D:8)
  23 killer bees
  6 electric eels
  2 howler monkeys (D:7)
  2 quasits (D:7)
  A jelly (D:5)
  4 orc priests
  A hound (D:5)
  4 iguanas
  Terence (D:2)
  Natasha (thrice) (D:2)
  9 orc wizards
  6 hell rats (Lair:3)
  3 gnolls
  5 adders
  4 shadow imps
  2 white imps
  3 ufetubi
  2 worms (D:3)
  2 dart slugs
  26 orcs
  5 endoplasms
  2 giant cockroaches
  4 goblins
  7 hobgoblins
  4 jackals (D:3)
  23 kobolds
  A quokka (D:2)
  8 ball pythons
  7 bats
  5 frilled lizards
  4 rats
435 creatures vanquished.

Vanquished Creatures (collateral kills)
  Erolcha (D:12)
  2 vault guards (D:13)
  A boulder beetle (D:13)
  A two-headed ogre (D:11)
  An orc high priest (Orc:2)
  A deep elf pyromancer (D:14)
  An orc sorcerer (Orc:2)
  3 cyclopes
  A black mamba (shapeshifter) (D:13)
  A gargoyle (D:12)
  4 trolls
  2 water elementals (D:13)
  3 wraiths
  A basilisk (shapeshifter) (D:13)
  12 yaks
  8 humans (D:13)
  A warg (Orc:1)
  An acid dragon (D:12)
  5 orc warriors
  2 centaurs (D:11)
  2 ogres (Orc:2)
  3 killer bees
  An electric eel (D:13)
  9 orc priests
  5 orc wizards
  7 orcs
  A hobgoblin (D:2)
80 creatures vanquished.

Vanquished Creatures (others)
  An orc high priest (Orc:1)
  Sonja (Lair:5)
  2 orc sorcerers
  5 orc knights
  11 orc warriors
  2 yaks (D:9)
  A human (D:13)
  A water moccasin (D:9)
  A centaur (D:9)
  7 killer bees
  11 orc priests
  A jelly (D:4)
  11 orc wizards
  An adder (D:2)
  35 orcs
  11 demonic plants (D:7)
  45 fungi
  110 plants
257 creatures vanquished.

Grand Total: 772 creatures vanquished

Notes
Turn   | Place    | Note
-------+----------+-------------------------------------------
     0 | D:1      | iguanaiguana the Hill Orc Artificer began the quest for the
                  | Orb.
     0 | D:1      | Reached XP level 1. HP: 16/16 MP: 1/1
   389 | D:1      | Reached XP level 2. HP: 22/25 MP: 2/2
   482 | D:1      | Found a faded altar of an unknown god.
  1445 | D:1      | Reached XP level 3. HP: 31/31 MP: 3/3
  2157 | D:2      | Noticed Natasha
  2163 | D:2      | Killed Natasha
  2164 | D:2      | Reached XP level 4. HP: 41/41 MP: 4/4
  2168 | D:2      | Noticed Natasha
  2176 | D:2      | Killed Natasha
  2266 | D:2      | Noticed Natasha
  2269 | D:2      | Killed Natasha
  2270 | D:2      | Reached skill level 5 in Fighting
  2270 | D:2      | Reached XP level 5. HP: 24/48 MP: 5/5
  2467 | D:2      | Noticed Terence
  2490 | D:2      | Killed Terence
  2761 | D:3      | Identified the ring of Riesery {*Corrode rElec Str+6 Dex+2}
  3866 | D:3      | Reached skill level 1 in Polearms
  3943 | D:3      | Found Lysomp's Jewellery Shoppe.
  4186 | D:4      | Reached XP level 6. HP: 46/57 MP: 6/6
  4302 | D:4      | Noticed Duvessa
  4302 | D:4      | Noticed Dowan
  4518 | D:5      | Entered Level 5 of the Dungeon
  4668 | D:5      | Noticed a black bear
  4672 | D:5      | Killed a black bear
  4696 | D:5      | Reached XP level 7. HP: 44/63 MP: 7/7
  4941 | D:5      | Found a staircase to the Ecumenical Temple.
  4965 | D:5      | Reached skill level 5 in Evocations
  4973 | Temple   | Entered the Ecumenical Temple
  5595 | D:4      | Found Enymem's Weapon Emporium.
  5616 | D:4      | Bought a +1 spear of venom for 127 gold pieces
  6320 | D:6      | Reached XP level 8. HP: 39/70 MP: 8/8
  6639 | D:6      | Reached skill level 5 in Polearms
  8078 | D:7      | Reached XP level 9. HP: 38/75 MP: 9/9
  8520 | D:7      | Found Voenon's Armour Shop.
  8528 | D:7      | Bought a +0 cloak for 67 gold pieces
  9012 | D:8      | Reached skill level 1 in Dodging
  9452 | D:8      | Noticed a two-headed ogre
  9616 | D:8      | Reached skill level 5 in Armour
  9620 | D:8      | Killed a two-headed ogre
  9698 | D:8      | Reached XP level 10. HP: 51/86 MP: 10/10
  9908 | D:8      | Identified the +0 cloak of Kuampul {Int+6}
  9938 | D:8      | Found a staircase to the Lair.
 10437 | D:8      | Noticed a gargoyle
 10452 | D:8      | Killed a gargoyle
 11185 | D:9      | Found a shadowy altar of Dithmenos.
 11463 | D:9      | Reached skill level 10 in Polearms
 12244 | D:9      | Noticed a cyan ugly thing
 12258 | D:9      | Killed a cyan ugly thing
 12259 | D:9      | Reached XP level 11. HP: 81/94 MP: 11/11
 12397 | D:9      | Found a sacrificial altar of Ru.
 12466 | D:9      | Found an ancient bone altar of Kikubaaqudgha.
 12469 | D:9      | Found a sparkling altar of Nemelex Xobeh.
 12469 | D:9      | Found a shimmering blue altar of Sif Muna.
 12546 | D:9      | Noticed a two-headed ogre
 12547 | D:9      | Noticed a wizard
 12547 | D:9      | Became a worshipper of Beogh the Brigand
 12818 | Lair:1   | Entered Level 1 of the Lair of Beasts
 13657 | Lair:1   | Reached skill level 10 in Fighting
 13947 | D:3      | Bought the ring of Cowardice {rPois Int+4 Dex-4 SInv} for
                  | 340 gold pieces
 15779 | Lair:1   | Reached skill level 1 in Invocations
 15792 | Lair:1   | Reached skill level 2 in Invocations
 15949 | Lair:1   | Reached * piety under Beogh
 16064 | Lair:1   | Reached skill level 3 in Invocations
 16251 | Lair:1   | Reached skill level 4 in Invocations
 16369 | Lair:1   | Reached skill level 5 in Invocations
 16766 | Lair:1   | Reached skill level 6 in Invocations
 16983 | Lair:2   | Noticed a four-headed hydra
 17013 | Lair:2   | Killed a four-headed hydra
 17014 | Lair:2   | Reached skill level 7 in Invocations
 17014 | Lair:2   | Reached XP level 12. HP: 81/112 MP: 15/17
 17253 | Lair:2   | Found a hole to the Spider Nest.
 17287 | Lair:2   | Reached skill level 8 in Invocations
 18047 | Lair:2   | Reached skill level 1 in Throwing
 18106 | Lair:2   | Noticed Amaemon
 18113 | Lair:2   | Reached skill level 1 in Maces & Flails
 18120 | Lair:2   | Killed Amaemon
 18969 | Lair:2   | Reached skill level 5 in Maces & Flails
 19143 | Lair:2   | Found a staircase to the Swamp.
 19693 | Lair:3   | Noticed a four-headed hydra
 19703 | Lair:3   | Killed a four-headed hydra
 20159 | Lair:3   | Noticed a four-headed hydra
 20170 | Lair:3   | Killed a four-headed hydra
 20480 | Lair:3   | Noticed a death yak
 20513 | Lair:3   | Killed a death yak
 20657 | Lair:3   | Noticed a death yak
 20657 | Lair:3   | Noticed a death yak
 20657 | Lair:3   | Noticed a death yak
 20658 | Lair:3   | Noticed a death yak
 20671 | Lair:3   | Noticed a death yak
 20675 | Lair:3   | Killed a death yak
 20681 | Lair:3   | Killed a death yak
 20690 | Lair:3   | Killed a death yak
 20691 | Lair:3   | Reached skill level 5 in Shields
 20698 | Lair:3   | Killed a death yak
 20698 | Lair:3   | Reached ** piety under Beogh
 20699 | Lair:3   | Reached XP level 13. HP: 118/118 MP: 19/19
 22849 | Lair:4   | Reached skill level 10 in Maces & Flails
 23695 | Lair:4   | Found a viscous altar of Jiyva.
 23695 | Lair:4   | Found a staircase to the Slime Pits.
 24175 | Lair:5   | Entered Level 5 of the Lair of Beasts
 25244 | Lair:5   | Reached skill level 9 in Invocations
 25564 | Lair:5   | Reached *** piety under Beogh
 26735 | Lair:5   | Noticed Sonja
 26742 | Lair:5   | Killed Sonja
 26862 | Lair:5   | Reached skill level 10 in Invocations
 27051 | Lair:5   | Reached skill level 5 in Throwing
 27051 | Lair:5   | Reached XP level 14. HP: 115/126 MP: 21/21
 27251 | Lair:5   | Found a runed translucent door.
 28407 | D:10     | Entered Level 10 of the Dungeon
 28686 | D:10     | Noticed Joseph
 28699 | D:10     | Killed Joseph
 28810 | D:10     | Found Kysop's Magic Scroll Boutique.
 28964 | D:10     | Found a snail-covered altar of Cheibriados.
 29522 | D:11     | Reached skill level 11 in Invocations
 29710 | D:11     | Reached **** piety under Beogh
 30579 | D:11     | Gained Orik as an ally
 30980 | D:12     | Noticed Erolcha
 30987 | D:12     | Reached skill level 12 in Invocations
 30989 | D:12     | Killed Erolcha
 31029 | D:12     | Found a staircase to the Orcish Mines.
 31293 | D:12     | Your ally Orik died
 31299 | D:12     | Reached skill level 13 in Invocations
 32478 | D:13     | Reached skill level 14 in Invocations
 32489 | D:13     | Gained Bolgrim as an ally
 32774 | D:13     | Identified a scroll of acquirement
 32775 | D:13     | Acquired a +3 demon trident of venom
 33003 | D:13     | Found a gate to the Vaults.
 33217 | D:14     | Your ally Bolgrim died
 33526 | D:14     | Noticed Snorg
 33656 | D:14     | Found Jorott's General Store.
 33656 | D:14     | Found Uluosk's General Store.
 33656 | D:14     | Found Muedyth's Jewellery Shoppe.
 33656 | D:14     | Found Jiapn's Magic Scroll Shoppe.
 33661 | D:14     | Bought a scroll of blinking for 90 gold pieces
 33669 | D:14     | Bought a scroll of enchant weapon for 97 gold pieces
 33669 | D:14     | Bought a scroll of enchant weapon for 97 gold pieces
 33761 | D:14     | Found a white marble altar of Elyvilon.
 33761 | D:14     | Found a glowing golden altar of the Shining One.
 33762 | D:14     | Found a glowing silver altar of Zin.
 33969 | D:14     | Killed Snorg
 34142 | Orc:1    | Entered Level 1 of the Orcish Mines
 34142 | Orc:1    | Noticed Gastronok
 34155 | D:12     | Killed Gastronok
 34267 | Orc:1    | Noticed Maurice
 34283 | Orc:1    | Killed Maurice
 34324 | Orc:1    | Reached ***** piety under Beogh
 34788 | Orc:1    | Noticed Fannar
 34798 | Orc:1    | Killed Fannar
 34953 | Orc:2    | Entered Level 2 of the Orcish Mines
 35062 | Orc:2    | Found a staircase to the Elven Halls.
 35376 | Orc:2    | Noticed an orc warlord
 35424 | Orc:2    | Killed an orc warlord
 35439 | Orc:2    | Reached XP level 15. HP: 48/132 MP: 15/25
 35457 | Orc:2    | HP: 6/132 [sun demon[an orc sorcerer] (16)]
 35458 | Orc:2    | Killed from afar by an orc sorcerer

Illustrated notes

Levels and vault maps discovered:
D:1:      lemuel_arrival_muddy, layout_loops_ring,
          ebering_ecumenical_altar_abandoned, minivault_23,
          minmay_misc_feat_nine_boxes, amethyst_killhole, nicolae_hexahallways,
          minmay_crystal_room
D:2:      layout_rooms, uniq_terence, uniq_natasha
D:3:      layout_loops_corners, serial_shops, nicolae_diamond_shop
D:4:      layout_loops_cross, gammafunk_ghost_smash, serial_shops,
          nicolae_shop_window_shopping, uniq_duvessa
D:5:      layout_cave_pools, minmay_temple_entry_hall
D:6:      layout_layer_cave
D:7:      layout_loops_ring, serial_shops, nicolae_shop_crystal, serial_demonic,
          serial_demonic_a, serial_demonic_b, serial_demonic_c,
          serial_demonic_d, serial_demonic_c, serial_demonic_c
D:8:      layout_basic, lair_entry_dummy, grunt_ministairs_11,
          minmay_unpleasant_kobolds
D:9:      layout_cave_pools, nicolae_overflow_hallway_of_the_gods,
          minmay_fractal_squares_gapless_7
D:10:     layout_long_grid, mainiacjoe_overflow_cross_hatched, serial_shops,
          nicolae_inconvenience_store, uniq_joseph
D:11:     layout_long_grid
D:12:     lemuel_ice_statue, layout_basic, erik_orc_4, serial_bayou_lagoon_b,
          uniq_erolcha
D:13:     layout_big_octagon, ximxim_vaults_locker_room
D:14:     minmay_big_diamond_grid, layout_basic, good_gods_temple_1,
          serial_rivers, chequers_serial_rivers_room_b,
          chequers_serial_rivers_small_a, chequers_serial_rivers_micro_d,
          chequers_serial_rivers_room_b, chequers_serial_rivers_room_b,
          minmay_shop_grid_forest, uniq_snorg
Temple:   nicolae_temple_elliptical
Lair:1:   layout_long_grid, special_room [special_room_bee]
Lair:2:   layout_misc_corridors, skrybe_swamp_entry_bodies,
          spider_nest_entry_webs, portal_ice_cave_entry_pillars_2, uniq_amaemon
Lair:3:   layout_loops_ring, minivault_19
Lair:4:   layout_regular_city, dpeg_slime_entry_enclosed
Lair:5:   wormcave, layout_regular_city, guppyfry_lair_end_dragon,
          grunt_megastairs_5, lemuel_fruit_fields, serial_bayou_shore_b,
          uniq_sonja
Orc:1:    layout_caves, basic_altar, uniq_maurice, uniq_gastronok, uniq_fannar
Orc:2:    st_orc_congregation, layout_diamond_mine

Skill      XL: |  1  2  3  4  5  6  7  8  9 10 11 12 13 14 |
---------------+-------------------------------------------+-----
Fighting       | 2 3 4 5 6 8 12 | 12.0
Armour         | 3 4 6 |  6.1
Polearms       | 2 4 6 11 12 | 12.0
Evocations     | 4 6 8 |  8.1
Dodging        | 4 |  4.0
Stealth        | 2 |  2.1
Invocations    | 7 8 10 14 | 14.0
Throwing       | 2 5 6 |  6.0
Maces & Flails | 7 11 | 11.7
Staves         | 2 |  2.6
Shields        | 5 6 9 |  9.6

Action                   |  1- 3 |  4- 6 |  7- 9 | 10-12 | 13-15 || total
-------------------------+-------+-------+-------+-------+-------++-------
Melee: Club              |    94 |       |       |       |       ||    94
       Punch             |     2 |     1 |     6 |     9 |       ||    18
       Whip              |    53 |    95 |       |       |       ||   148
       Trident           |       |    81 |    73 |    77 |       ||   231
       Spear             |       |       |   212 |   788 |   113 ||  1113
       Lajatang          |       |       |       |    18 |       ||    18
       Demon whip        |       |       |       |    12 |   807 ||   819
       Demon trident     |       |       |       |       |   178 ||   178
Throw: Boomerang         |       |       |       |     8 |    26 ||    34
       Dart              |       |       |       |     7 |    39 ||    46
Invok: Convert to Beogh  |       |       |       |     1 |       ||     1
       Smiting           |       |       |       |       |     8 ||     8
       Recall Orcish Fol |       |       |       |       |     8 ||     8
       Stop Recall       |       |       |       |       |     2 ||     2
Evoke: Wand              |     2 |    10 |    22 |    54 |    31 ||   119
       Tin of tremorston |       |       |       |       |     5 ||     5
  Use: Scroll            |     2 |     6 |       |    15 |    19 ||    42
       Potion            |       |     1 |       |     7 |     2 ||    10
 Stab: Sleeping          |     1 |       |       |       |       ||     1
       Paralysed         |       |       |     6 |    29 |       ||    35
       Distracted        |       |       |     1 |       |     3 ||     4
Armor: Leather armour    |    30 |       |       |       |       ||    30
       Scale mail        |    24 |    11 |       |       |       ||    35
       Chain mail        |       |   105 |   197 |   234 |   338 ||   874
       Skin              |       |       |       |   114 |       ||   114
Dodge: Dodged            |   105 |    87 |   127 |   272 |   253 ||   844
Block: Buckler           |       |       |       |    12 |   255 ||   267
       Reflection        |       |       |       |       |     1 ||     1
